Build Orders - Match 35255698 - cohdb - Company of Heroes 3 Replays
cohdb
Replays
Latest Replays
All Replays
Popular Replays
Top Player Replays
Match Explorer
How It Works
Community
CoH3 Stats
Reddit
Sign in to upload your games and track your stats! →
Sign in with Steam
Match 35255698
Unlisted
Match 35255698
Overview
Messages
Build Orders
End
Panzergrenadier Squad
Panzergrenadier Squad
Construct Light Support Kompanie
250 Light Carrier
Combat Half-tracks
Selects Armored Support Battlegroup
Fire Support Elements
Selects Superior Fire Drills
2.5-tonne Medical Truck
Panzerjäger Mechanized Group
Pak 38 Anti-tank Gun Team
Panzergrenadier Squad
Selects Flammpanzer III Medium Tank
Flammpanzer III Medium Tank
2.5-tonne Medical Truck
NO Russion
元首的快乐虎
★彡ỆĿḄỆḦÏŔÏ彡★
Cheeki Bяeeki
[BIG] SWEEDS
I SikhWarrior I
米浴
Durgur
0
0
Comments
sign in to comment!
No comments posted yet!